San Jose Sharks vs Colorado Rockies
(R1)
Created - Wednesday, February 11, 2026 at 07:34
Goals
|
| San Jose Sharks |
3 |
2 |
0 |
5 |
| Colorado Rockies |
2 |
0 |
0 |
2 |
|
Shots
|
| San Jose Sharks |
14 |
6 |
10 |
30 |
| Colorado Rockies |
8 |
7 |
21 |
36 |
|
1st period
1. San Jose Sharks , Alexander Wennberg 9 (Ilya Mikheyev 7, Connor Murphy 7) at 1:51 (PP)
2. San Jose Sharks , Owen Tippett 12 (Connor Murphy 8, Joel Edmundson 4) at 5:12 (PP)
3. San Jose Sharks , Alexander Wennberg 10 (Morgan Frost 9, Ilya Mikheyev 8) at 13:48
4. Colorado Rockies , Michael Bunting 3 (Quinn Hughes 4, Kyle Connor 9) at 16:36
5. Colorado Rockies , Casey Cizikas 5 (Elias Pettersson 13, Vince Dunn 7) at 17:31
Penalties :
Quinn Hughes (COL) for Tripping (Minor) at 1:06, Casey Cizikas (COL) for Tripping (Minor) at 3:39
2nd period
6. San Jose Sharks , Ilya Mikheyev 5 (Oliver Ekman-Larsson 5, Luke Glendening 6) at 6:38
7. San Jose Sharks , Morgan Geekie 8 (Connor Murphy 9, Joel Edmundson 5) at 18:39 (PP)
Penalties :
Michael Bunting (COL) for Tripping (Minor) at 0:54, Morgan Frost (SJS) for Holding (Minor) at 7:56, Vince Dunn (COL) for Slashing (Minor) at 18:01
3rd period
No Goal
Penalties :
Martin Fehervary (COL) for Cross-checking (Minor) at 0:37, Casey Cizikas (COL) for Tripping (Minor) at 6:38, Nick Schmaltz (COL) for Hooking (Minor) at 14:51
Goalie Stats
Adin Hill (SJS), 34 saves from 36 shots - (0.944), W, 9-4-1, 60:00 minutes
Daniil Tarasov (COL), 25 saves from 30 shots - (0.833), L, 4-3-2, 60:00 minutes
Players Stats for San Jose Sharks
Player Name G A P +/- PIM S H SB GA TA FO MP PP MP PK MP
------------------------------------------------------------------------------------
Adam Henrique 0 0 0 0 0 0 3 0 0 0 11/19 20:05 5:32 1:03
Alexander Wennberg 2 0 2 -1 0 3 0 0 2 0 5/7 19:19 5:18 0:53
Andre Burakovsky 0 0 0 0 0 0 0 1 0 0 0/0 12:57 0:00 0:12
Andrew Copp 0 0 0 0 0 1 1 0 0 0 13/17 12:45 0:00 0:00
Connor Murphy 0 3 3 -1 0 1 2 2 0 1 0/0 26:28 5:37 1:03
Ilya Mikheyev 1 2 3 1 0 4 1 0 0 1 0/0 12:55 5:11 0:00
Jake Middleton 0 0 0 0 0 2 1 2 0 1 0/0 21:09 5:15 0:56
Joel Edmundson 0 2 2 -1 0 2 1 1 1 1 0/0 26:28 5:37 1:03
Luke Glendening 0 1 1 1 0 1 0 0 0 0 2/4 7:41 0:00 0:00
Marcus Pettersson 0 0 0 0 0 0 1 0 0 0 0/0 21:09 5:15 0:56
Mattias Janmark 0 0 0 -1 0 1 1 0 2 0 0/1 18:22 5:11 0:03
Mattias Samuelsson 0 0 0 1 0 0 1 0 0 0 0/0 12:23 0:00 0:00
Max Domi 0 0 0 0 0 0 0 2 0 0 0/0 12:59 0:09 0:00
Morgan Frost 0 1 1 -1 2 3 0 0 0 0 5/10 13:18 0:09 0:00
Morgan Geekie 1 0 1 0 0 4 2 1 1 0 0/1 19:53 5:34 0:44
Oliver Ekman-Larsson 0 1 1 1 0 0 0 0 0 0 0/0 12:23 0:00 0:00
Owen Tippett 1 0 1 0 0 6 0 1 0 0 1/1 20:05 5:32 1:03
Peyton Krebs 0 0 0 1 0 2 1 0 0 0 0/2 7:41 0:00 0:00
Players Stats for Colorado Rockies
Player Name G A P +/- PIM S H SB GA TA FO MP PP MP PK MP
------------------------------------------------------------------------------------
Andrew Peeke 0 0 0 0 0 1 1 2 0 1 0/0 22:04 0:50 4:58
Cam Fowler 0 0 0 0 0 0 0 6 0 1 0/0 21:55 1:09 5:36
Casey Cizikas 1 0 1 0 4 4 0 0 0 0 4/10 14:36 0:00 3:08
Danton Heinen 0 0 0 0 0 0 4 2 0 0 0/1 11:22 0:00 0:00
Darren Raddysh 0 0 0 0 0 1 0 3 1 0 0/0 21:41 1:09 5:54
David Pastrnak 0 0 0 0 0 2 0 0 0 0 0/0 11:36 1:01 0:00
Elias Pettersson 0 1 1 -1 0 2 3 1 0 0 2/12 18:43 0:58 5:30
Jesper Bratt 0 0 0 0 0 3 4 0 1 0 0/0 17:14 0:58 5:17
Kevin Hayes 0 0 0 1 0 4 3 0 0 1 9/18 15:21 0:00 2:15
Kyle Connor 0 1 1 1 0 4 0 0 1 0 0/0 13:26 1:01 0:00
Martin Fehervary 0 0 0 0 2 4 2 2 0 0 0/0 16:13 0:00 0:00
Michael Bunting 1 0 1 1 2 2 1 0 0 0 1/3 13:05 0:00 0:00
Nick Schmaltz 0 0 0 -1 2 3 1 2 0 1 1/4 17:18 0:58 4:15
Pavel Dorofeyev 0 0 0 -1 0 1 0 0 0 0 0/0 11:34 0:00 0:00
Philipp Kurashev 0 0 0 0 0 2 2 1 0 0 2/2 11:22 0:00 0:00
Quinn Hughes 0 1 1 0 2 2 0 2 1 1 0/0 17:18 0:50 0:00
Tim Stutzle 0 0 0 0 0 1 3 0 0 0 6/12 13:21 1:01 1:19
Vince Dunn 0 1 1 0 2 0 1 3 0 1 0/0 20:52 0:00 5:16
3 Stars
1 - Ilya Mikheyev (SJS)
2 - Alexander Wennberg (SJS)
3 - Connor Murphy (SJS)
Power Play
San Jose Sharks - 3 on 7 Attempt(s) - 42.86%
Colorado Rockies - 0 on 1 Attempt(s) - 0.00%
Penalty Kill
San Jose Sharks - 1 on 1 Attempt(s) - 100.00%
- Score 0 goal in Penalty Kill
Colorado Rockies - 4 on 7 Attempt(s) - 57.14%
- Score 0 goal in Penalty Kill
Team Stat
San Jose Sharks - Hits : 15 - Faceoff Wins : 37 - Blocked Shots : 10 - Penalty Minutes : 2
Colorado Rockies - Hits : 25 - Faceoff Wins : 25 - Blocked Shots : 24 - Penalty Minutes : 14
Official
Referees : Justin St. Pierre and Jean Hebert
Linesman : Mitchell Hunt and Kilian McNamara
Game Notes
Vince Dunn is injured at 17:08 of 3rd period (Right Hand)
Finance
Level 1 -- Attendance: 5301 (88.35%) -- Ticket Income $477,090
Level 2 -- Attendance: 4435 (88.70%) -- Ticket Income $243,925
Level 3 -- Attendance: 2516 (83.87%) -- Ticket Income $88,060
Level 4 -- Attendance: 3854 (77.08%) -- Ticket Income $96,350
Luxury Box -- Attendance: 862 (86.20%) -- Ticket Income $150,850
Game was played at the Pepsi Center.
Total Attendance: 16968 (84.84%)
Total Ticket Income: $1,056,275
Other Income: $369,696
Total Income: $1,425,971
San Jose Sharks
5 vs 5 Forward
Center Left Wing Right Wing Time % Phy DF OF
1 Adam Henrique Owen Tippett Morgan Geekie 30 1 2 2
2 Morgan Frost Alexander Wennberg Mattias Janmark 30 1 2 2
3 Andrew Copp Max Domi Andre Burakovsky 25 1 2 2
4 Luke Glendening Peyton Krebs Ilya Mikheyev 15 1 2 2
5 vs 5 Defense
Defense Defense Time % Phy DF OF
1 Joel Edmundson Connor Murphy 30 1 2 2
2 Jake Middleton Marcus Pettersson 30 1 2 2
3 Mattias Samuelsson Oliver Ekman-Larsson 25 1 2 2
4 Joel Edmundson Connor Murphy 15 1 2 2
PowerPlay Forward
Center Left Wing Right Wing Time % Phy DF OF
1 Adam Henrique Owen Tippett Morgan Geekie 50 1 2 2
2 Alexander Wennberg Ilya Mikheyev Mattias Janmark 50 1 2 2
PowerPlay Defense
Defense Defense Time % Phy DF OF
1 Joel Edmundson Connor Murphy 50 1 2 2
2 Jake Middleton Marcus Pettersson 50 1 2 2
Penalty Kill 4 Players Forward
Center Wing Time % Phy DF OF
1 Adam Henrique Owen Tippett 50 1 2 2
2 Alexander Wennberg Morgan Geekie 50 1 2 2
Penalty Kill 4 Players Defense
Defense Defense Time % Phy DF OF
1 Joel Edmundson Connor Murphy 50 1 2 2
2 Jake Middleton Marcus Pettersson 50 1 2 2
Penalty Kill - 3 Players Forward
Forward Time % Phy DF OF
1 Adam Henrique 50 1 2 2
2 Morgan Geekie 50 1 2 2
Penalty Kill - 3 Players Defense
Defense Defense Time % Phy DF OF
1 Joel Edmundson Connor Murphy 50 1 2 2
2 Jake Middleton Marcus Pettersson 50 1 2 2
4 vs 4 Forward
Center Wing Time % Phy DF OF
1 Adam Henrique Owen Tippett 50 1 2 2
2 Alexander Wennberg Morgan Geekie 50 1 2 2
4 vs 4 Defense
Defense Defense Time % Phy DF OF
1 Joel Edmundson Connor Murphy 50 1 2 2
2 Jake Middleton Marcus Pettersson 50 1 2 2
Last Minutes Offensive
Center Left Wing Right Wing Defense Defense
Morgan Geekie Owen Tippett Adam Henrique Joel Edmundson Connor Murphy
Last Minutes Defensive
Center Left Wing Right Wing Defense Defense
Morgan Geekie Owen Tippett Adam Henrique Joel Edmundson Connor Murphy
Goaltenders
Starting : Adin Hill
Backup : Jakub Dobes
Extra Forwards
Normal : Morgan Geekie, Max Domi, Andre Burakovsky - PP : Morgan Frost, Max Domi - PK : Andre Burakovsky
Extra Defensemen
Normal : Mattias Samuelsson, Oliver Ekman-Larsson, Jake Middleton - PP : Mattias Samuelsson - PK : Oliver Ekman-Larsson, Jake Middleton
Penalty Shots
Morgan Geekie, Owen Tippett, Alexander Wennberg, Adam Henrique, Morgan Frost
Scratches
Anthony Beauvillier (Healthy), Travis Boyd (Healthy), Zach Whitecloud (Healthy)
Colorado Rockies
5 vs 5 Forward
Center Left Wing Right Wing Time % Phy DF OF
1 Elias Pettersson Nick Schmaltz Pavel Dorofeyev 25 0 1 4
2 Tim Stutzle Jesper Bratt David Pastrnak 25 1 1 3
3 Kevin Hayes Kyle Connor Michael Bunting 25 1 3 1
4 Casey Cizikas Danton Heinen Philipp Kurashev 25 1 3 1
5 vs 5 Defense
Defense Defense Time % Phy DF OF
1 Martin Fehervary Darren Raddysh 33 1 2 2
2 Cam Fowler Quinn Hughes 33 1 2 2
3 Vince Dunn Andrew Peeke 33 1 2 2
4 Martin Fehervary Quinn Hughes 1 1 2 2
PowerPlay Forward
Center Left Wing Right Wing Time % Phy DF OF
1 Tim Stutzle Kyle Connor David Pastrnak 50 0 1 4
2 Elias Pettersson Jesper Bratt Nick Schmaltz 50 1 2 2
PowerPlay Defense
Defense Defense Time % Phy DF OF
1 Andrew Peeke Quinn Hughes 50 1 2 2
2 Cam Fowler Darren Raddysh 50 1 2 2
Penalty Kill 4 Players Forward
Center Wing Time % Phy DF OF
1 Nick Schmaltz Jesper Bratt 50 1 2 2
2 Casey Cizikas Elias Pettersson 50 1 2 2
Penalty Kill 4 Players Defense
Defense Defense Time % Phy DF OF
1 Vince Dunn Darren Raddysh 50 1 2 2
2 Cam Fowler Andrew Peeke 50 1 2 2
Penalty Kill - 3 Players Forward
Forward Time % Phy DF OF
1 Tim Stutzle 50 1 2 2
2 Casey Cizikas 50 1 2 2
Penalty Kill - 3 Players Defense
Defense Defense Time % Phy DF OF
1 Vince Dunn Darren Raddysh 50 1 2 2
2 Cam Fowler Andrew Peeke 50 1 2 2
4 vs 4 Forward
Center Wing Time % Phy DF OF
1 Tim Stutzle David Pastrnak 50 1 2 2
2 Elias Pettersson Kyle Connor 50 1 2 2
4 vs 4 Defense
Defense Defense Time % Phy DF OF
1 Martin Fehervary Quinn Hughes 50 1 2 2
2 Cam Fowler Andrew Peeke 50 1 2 2
Last Minutes Offensive
Center Left Wing Right Wing Defense Defense
Tim Stutzle Kyle Connor David Pastrnak Martin Fehervary Darren Raddysh
Last Minutes Defensive
Center Left Wing Right Wing Defense Defense
Tim Stutzle Kyle Connor David Pastrnak Martin Fehervary Darren Raddysh
Goaltenders
Starting : Daniil Tarasov
Backup : Joey Daccord
Extra Forwards
Normal : Pavel Dorofeyev, Michael Bunting, Kevin Hayes - PP : Pavel Dorofeyev, Michael Bunting - PK : Kevin Hayes
Extra Defensemen
Normal : Vince Dunn, Darren Raddysh, Cam Fowler - PP : Vince Dunn - PK : Darren Raddysh, Cam Fowler
Penalty Shots
Tim Stutzle, David Pastrnak, Kyle Connor, Elias Pettersson, Jesper Bratt
Scratches
None
% Time on Ice - San Jose Sharks
Lines # - Real PCT - Wanted PCT - Time Play
Normal Forward
1 - 29% - 30% - 13:35
2 - 28% - 30% - 13:08
3 - 27% - 25% - 12:45
4 - 16% - 15% - 7:41
Normal Defense
1 - 29% - 30% - 13:48
2 - 32% - 30% - 14:58
3 - 26% - 25% - 12:23
4 - 13% - 15% - 6:00
PP Forward
1 - 51% - 50% - 5:34
2 - 49% - 50% - 5:18
PP Defense
1 - 52% - 50% - 5:37
2 - 48% - 50% - 5:15
PK Forward
1 - 53% - 50% - 1:03
2 - 47% - 50% - 0:56
PK Defense
1 - 53% - 50% - 1:03
2 - 47% - 50% - 0:56
PK3 Forward
1 - 0% - 50%
2 - 0% - 50%
PK3 Defense
1 - 0% - 50%
2 - 0% - 50%
44 Forward
1 - 0% - 50%
2 - 0% - 50%
44 Defense
1 - 0% - 50%
2 - 0% - 50%
Last Minute Offensive - 0:00
Last Minute Defensive - 0:00
Total
Forward - 60:00
Defense - 60:00
|
% Time on Ice - Colorado Rockies
Lines # - Real PCT - Wanted PCT - Time Play
Normal Forward
1 - 25% - 25% - 11:58
2 - 24% - 25% - 11:24
3 - 26% - 25% - 12:25
4 - 24% - 25% - 11:22
Normal Defense
1 - 32% - 33% - 14:52
2 - 30% - 33% - 14:12
3 - 33% - 33% - 15:36
4 - 5% - 1% - 2:29
PP Forward
1 - 51% - 50% - 1:01
2 - 49% - 50% - 0:58
PP Defense
1 - 42% - 50% - 0:50
2 - 58% - 50% - 1:09
PK Forward
1 - 53% - 50% - 5:44
2 - 47% - 50% - 5:08
PK Defense
1 - 54% - 50% - 5:54
2 - 46% - 50% - 4:58
PK3 Forward
1 - 0% - 50%
2 - 0% - 50%
PK3 Defense
1 - 0% - 50%
2 - 0% - 50%
44 Forward
1 - 0% - 50%
2 - 0% - 50%
44 Defense
1 - 0% - 50%
2 - 0% - 50%
Last Minute Offensive - 0:00
Last Minute Defensive - 0:00
Total
Forward - 60:00
Defense - 60:00
|
Play-by-Play
1st period
0:01 of 1st period - Elias Pettersson wins face-off versus Adam Henrique in neutral zone.
0:15 of 1st period - Icing by Joel Edmundson.
0:16 of 1st period - Adam Henrique wins face-off versus Tim Stutzle in San Jose Sharks zone.
0:21 of 1st period - Slapshot by Morgan Geekie.
0:21 of 1st period - Shot Misses the Net.
0:23 of 1st period - Slapshot by Connor Murphy.
0:23 of 1st period - Shot Blocked by Quinn Hughes.
0:25 of 1st period - Slapshot by Joel Edmundson.
0:25 of 1st period - Stopped by Daniil Tarasov without a rebound.
0:26 of 1st period - Tim Stutzle wins face-off versus Mattias Janmark in Colorado Rockies zone.
1:06 of 1st period - Minor Penalty to Quinn Hughes for Tripping.
1:07 of 1st period - Nick Schmaltz wins face-off versus Adam Henrique in Colorado Rockies zone.
1:16 of 1st period - Wrist shot by Morgan Geekie.
1:16 of 1st period - Stopped by Daniil Tarasov with a rebound.
1:51 of 1st period - Snap shot by Alexander Wennberg.
1:51 of 1st period - Goal by Alexander Wennberg - San Jose Sharks : 1 - Colorado Rockies : 0.
1:52 of 1st period - Morgan Frost wins face-off versus Casey Cizikas in neutral zone.
1:57 of 1st period - Snap shot by Alexander Wennberg.
1:57 of 1st period - Shot Blocked by Andrew Peeke.
2:18 of 1st period - Mattias Janmark is hit by Kevin Hayes and loses puck.
2:36 of 1st period - Off-side.
2:37 of 1st period - Adam Henrique wins face-off versus Elias Pettersson in neutral zone.
3:08 of 1st period - Off-side.
3:09 of 1st period - Casey Cizikas wins face-off versus Luke Glendening in neutral zone.
3:12 of 1st period - Slapshot by Vince Dunn.
3:12 of 1st period - Shot Misses the Net.
3:14 of 1st period - Snap shot by Andrew Peeke.
3:14 of 1st period - Shot Misses the Net.
3:16 of 1st period - Wrist shot by Danton Heinen.
3:16 of 1st period - Deflect By Philipp Kurashev.
3:16 of 1st period - Shot Misses the Net.
3:16 of 1st period - Puck is out of play.
3:17 of 1st period - Andrew Copp wins face-off versus Casey Cizikas in San Jose Sharks zone.
3:39 of 1st period - Minor Penalty to Casey Cizikas for Tripping.
3:40 of 1st period - Kevin Hayes wins face-off versus Alexander Wennberg in Colorado Rockies zone.
4:05 of 1st period - Slapshot by Owen Tippett.
4:05 of 1st period - Shot Blocked by Andrew Peeke.
4:07 of 1st period - Slapshot by Connor Murphy.
4:07 of 1st period - Stopped by Daniil Tarasov with a rebound.
4:09 of 1st period - Snap shot by Owen Tippett.
4:09 of 1st period - Shot Blocked by Cam Fowler.
4:11 of 1st period - Slapshot by Connor Murphy.
4:11 of 1st period - Deflect By Morgan Geekie.
4:11 of 1st period - Shot Misses the Net.
4:11 of 1st period - Puck is out of play.
4:12 of 1st period - Alexander Wennberg wins face-off versus Kevin Hayes in Colorado Rockies zone.
4:25 of 1st period - Slapshot by Ilya Mikheyev.
4:25 of 1st period - Shot Blocked by Vince Dunn.
4:27 of 1st period - Slapshot by Connor Murphy.
4:27 of 1st period - Shot Misses the Net.
5:06 of 1st period - Snap shot by Morgan Geekie.
5:06 of 1st period - Stopped by Daniil Tarasov with a rebound.
5:08 of 1st period - Slapshot by Joel Edmundson.
5:08 of 1st period - Shot Blocked by Cam Fowler.
5:10 of 1st period - Slapshot by Connor Murphy.
5:10 of 1st period - Shot Misses the Net.
5:12 of 1st period - Snap shot by Owen Tippett.
5:12 of 1st period - Goal by Owen Tippett - San Jose Sharks : 2 - Colorado Rockies : 0.
5:13 of 1st period - Tim Stutzle wins face-off versus Andrew Copp in neutral zone.
5:16 of 1st period - Slapshot by David Pastrnak.
5:16 of 1st period - Stopped by Adin Hill with a rebound.
5:18 of 1st period - Slapshot by Martin Fehervary.
5:18 of 1st period - Stopped by Adin Hill with a rebound.
5:20 of 1st period - Slapshot by Martin Fehervary.
5:20 of 1st period - Stopped by Adin Hill without a rebound.
5:21 of 1st period - Andrew Copp wins face-off versus Tim Stutzle in San Jose Sharks zone.
6:17 of 1st period - Icing by Jake Middleton.
6:18 of 1st period - Morgan Frost wins face-off versus Elias Pettersson in San Jose Sharks zone.
6:58 of 1st period - Slapshot by Alexander Wennberg.
6:58 of 1st period - Shot Misses the Net.
7:00 of 1st period - Snap shot by Jake Middleton.
7:00 of 1st period - Deflect By Elias Pettersson.
7:00 of 1st period - Stopped by Daniil Tarasov with a rebound.
7:02 of 1st period - Slapshot by Marcus Pettersson.
7:02 of 1st period - Shot Misses the Net.
7:04 of 1st period - Slapshot by Marcus Pettersson.
7:04 of 1st period - Shot Blocked by Nick Schmaltz.
7:46 of 1st period - Slapshot by Alexander Wennberg.
7:46 of 1st period - Shot Misses the Net.
7:48 of 1st period - Snap shot by Mattias Janmark.
7:48 of 1st period - Shot Misses the Net.
8:10 of 1st period - Snap shot by Morgan Frost.
8:10 of 1st period - Shot Misses the Net.
8:12 of 1st period - Slapshot by Marcus Pettersson.
8:12 of 1st period - Shot Blocked by Cam Fowler.
8:14 of 1st period - Slapshot by Marcus Pettersson.
8:14 of 1st period - Deflect By Morgan Frost.
8:14 of 1st period - Stopped by Daniil Tarasov with a rebound.
8:16 of 1st period - Slapshot by Marcus Pettersson.
8:16 of 1st period - Shot Misses the Net.
8:18 of 1st period - Wrist shot by Mattias Janmark.
8:18 of 1st period - Shot Blocked by Cam Fowler.
8:20 of 1st period - Snap shot by Mattias Janmark.
8:20 of 1st period - Stopped by Daniil Tarasov with a rebound.
8:22 of 1st period - Wrist shot by Morgan Frost.
8:22 of 1st period - Shot Misses the Net.
8:24 of 1st period - Wrist shot by Alexander Wennberg.
8:24 of 1st period - Deflect By Morgan Frost.
8:24 of 1st period - Shot Misses the Net.
8:24 of 1st period - Puck is out of play.
8:25 of 1st period - Kevin Hayes wins face-off versus Adam Henrique in Colorado Rockies zone.
9:07 of 1st period - Snap shot by Max Domi.
9:07 of 1st period - Shot Misses the Net.
9:09 of 1st period - Wrist shot by Andrew Copp.
9:09 of 1st period - Stopped by Daniil Tarasov without a rebound.
9:10 of 1st period - Casey Cizikas wins face-off versus Peyton Krebs in Colorado Rockies zone.
9:24 of 1st period - Wrist shot by Philipp Kurashev.
9:24 of 1st period - Shot Misses the Net.
9:36 of 1st period - Martin Fehervary is hit by Adam Henrique and loses puck.
9:47 of 1st period - Slapshot by David Pastrnak.
9:47 of 1st period - Stopped by Adin Hill with a rebound.
9:59 of 1st period - Andrew Copp is hit by Michael Bunting and loses puck.
10:04 of 1st period - Wrist shot by Kyle Connor.
10:04 of 1st period - Shot Blocked by Max Domi.
10:18 of 1st period - Ilya Mikheyev is hit by Martin Fehervary and loses puck.
10:32 of 1st period - Off-side.
10:33 of 1st period - Tim Stutzle wins face-off versus Adam Henrique in neutral zone.
10:58 of 1st period - Owen Tippett is hit by Jesper Bratt and loses puck.
12:18 of 1st period - Wrist shot by Owen Tippett.
12:18 of 1st period - Stopped by Daniil Tarasov with a rebound.
12:20 of 1st period - Slapshot by Connor Murphy.
12:20 of 1st period - Shot Misses the Net.
12:22 of 1st period - Slapshot by Connor Murphy.
12:22 of 1st period - Shot Blocked by Martin Fehervary.
12:30 of 1st period - Snap shot by Morgan Geekie.
12:30 of 1st period - Shot Blocked by Darren Raddysh.
12:50 of 1st period - Slapshot by Morgan Geekie.
12:50 of 1st period - Deflect By Owen Tippett.
12:50 of 1st period - Shot Misses the Net.
12:50 of 1st period - Puck is out of play.
12:51 of 1st period - Andrew Copp wins face-off versus Kevin Hayes in Colorado Rockies zone.
13:16 of 1st period - Peyton Krebs is hit by Andrew Peeke and loses puck.
13:46 of 1st period - Wrist shot by Morgan Frost.
13:46 of 1st period - Stopped by Daniil Tarasov with a rebound.
13:48 of 1st period - Wrist shot by Alexander Wennberg.
13:48 of 1st period - Goal by Alexander Wennberg - San Jose Sharks : 3 - Colorado Rockies : 0.
13:49 of 1st period - Andrew Copp wins face-off versus Michael Bunting in neutral zone.
14:04 of 1st period - Snap shot by Kyle Connor.
14:04 of 1st period - Stopped by Adin Hill without a rebound.
14:05 of 1st period - Philipp Kurashev wins face-off versus Peyton Krebs in San Jose Sharks zone.
15:58 of 1st period - Icing by Marcus Pettersson.
15:59 of 1st period - Andrew Copp wins face-off versus Casey Cizikas in San Jose Sharks zone.
16:36 of 1st period - Slapshot by Quinn Hughes.
16:36 of 1st period - Deflect By Michael Bunting.
16:36 of 1st period - Goal by Michael Bunting - San Jose Sharks : 3 - Colorado Rockies : 1.
16:37 of 1st period - Andrew Copp wins face-off versus Kevin Hayes in neutral zone.
16:46 of 1st period - Wrist shot by Andrew Copp.
16:46 of 1st period - Shot Misses the Net.
17:31 of 1st period - Wrist shot by Casey Cizikas.
17:31 of 1st period - Goal by Casey Cizikas - San Jose Sharks : 3 - Colorado Rockies : 2.
17:32 of 1st period - Andrew Copp wins face-off versus Casey Cizikas in neutral zone.
18:14 of 1st period - Icing by Connor Murphy.
18:15 of 1st period - Elias Pettersson wins face-off versus Morgan Frost in San Jose Sharks zone.
18:28 of 1st period - Connor Murphy is hit by Danton Heinen and loses puck.
18:37 of 1st period - Snap shot by Alexander Wennberg.
18:37 of 1st period - Stopped by Daniil Tarasov with a rebound.
19:47 of 1st period - Snap shot by Pavel Dorofeyev.
19:47 of 1st period - Stopped by Adin Hill with a rebound.
Goals for this period are 3 for San Jose Sharks vs 2 for Colorado Rockies.
Shots for this period are 14 for San Jose Sharks vs 8 for Colorado Rockies.
2nd period
0:01 of 2nd period - Casey Cizikas wins face-off versus Adam Henrique in neutral zone.
0:12 of 2nd period - Snap shot by Casey Cizikas.
0:12 of 2nd period - Stopped by Adin Hill without a rebound.
0:13 of 2nd period - Adam Henrique wins face-off versus Kevin Hayes in San Jose Sharks zone.
0:38 of 2nd period - Danton Heinen is hit by Connor Murphy.
0:49 of 2nd period - Icing by Joel Edmundson.
0:50 of 2nd period - Kevin Hayes wins face-off versus Andrew Copp in San Jose Sharks zone.
0:53 of 2nd period - Snap shot by Kevin Hayes.
0:53 of 2nd period - Stopped by Adin Hill without a rebound.
0:54 of 2nd period - Kevin Hayes wins face-off versus Adam Henrique in San Jose Sharks zone.
0:54 of 2nd period - Minor Penalty to Michael Bunting for Tripping.
0:55 of 2nd period - Alexander Wennberg wins face-off versus Nick Schmaltz in Colorado Rockies zone.
0:56 of 2nd period - Snap shot by Ilya Mikheyev.
0:56 of 2nd period - Shot Blocked by Nick Schmaltz.
2:54 of 2nd period - Penalty to Michael Bunting is over, Michael Bunting is back on ice.
3:07 of 2nd period - Slapshot by Kevin Hayes.
3:07 of 2nd period - Shot Blocked by Owen Tippett.
3:34 of 2nd period - Icing by Connor Murphy.
3:35 of 2nd period - Casey Cizikas wins face-off versus Morgan Geekie in San Jose Sharks zone.
3:46 of 2nd period - Snap shot by Casey Cizikas.
3:46 of 2nd period - Deflect By Philipp Kurashev.
3:46 of 2nd period - Shot Blocked by Morgan Geekie.
3:46 of 2nd period - Puck is out of play.
3:47 of 2nd period - Andrew Copp wins face-off versus Tim Stutzle in San Jose Sharks zone.
3:51 of 2nd period - Off-side.
3:52 of 2nd period - Andrew Copp wins face-off versus Tim Stutzle in neutral zone.
4:10 of 2nd period - Oliver Ekman-Larsson is hit by Tim Stutzle and loses puck.
4:48 of 2nd period - Tim Stutzle is hit by Andrew Copp and loses puck.
4:57 of 2nd period - Icing by Tim Stutzle.
4:58 of 2nd period - Tim Stutzle wins face-off versus Luke Glendening in Colorado Rockies zone.
5:14 of 2nd period - Snap shot by Jesper Bratt.
5:14 of 2nd period - Stopped by Adin Hill without a rebound.
5:15 of 2nd period - Owen Tippett wins face-off versus Kevin Hayes in San Jose Sharks zone.
5:28 of 2nd period - Andrew Peeke is hit by Adam Henrique and loses puck.
5:41 of 2nd period - Joel Edmundson is hit by Danton Heinen and loses puck.
6:16 of 2nd period - Snap shot by Nick Schmaltz.
6:16 of 2nd period - Stopped by Adin Hill with a rebound.
6:34 of 2nd period - Wrist shot by Owen Tippett.
6:34 of 2nd period - Stopped by Daniil Tarasov without a rebound.
6:35 of 2nd period - Luke Glendening wins face-off versus Danton Heinen in Colorado Rockies zone.
6:36 of 2nd period - Snap shot by Ilya Mikheyev.
6:36 of 2nd period - Shot Misses the Net.
6:38 of 2nd period - Slapshot by Oliver Ekman-Larsson.
6:38 of 2nd period - Deflect By Ilya Mikheyev.
6:38 of 2nd period - Goal by Ilya Mikheyev - San Jose Sharks : 4 - Colorado Rockies : 2.
6:39 of 2nd period - Adam Henrique wins face-off versus Elias Pettersson in neutral zone.
7:35 of 2nd period - Wrist shot by Peyton Krebs.
7:35 of 2nd period - Stopped by Daniil Tarasov with a rebound.
7:37 of 2nd period - Snap shot by Peyton Krebs.
7:37 of 2nd period - Shot Blocked by Danton Heinen.
7:49 of 2nd period - Morgan Frost is hit by Jesper Bratt and loses puck.
7:54 of 2nd period - Snap shot by Jesper Bratt.
7:54 of 2nd period - Shot Blocked by Jake Middleton.
7:56 of 2nd period - Minor Penalty to Morgan Frost for Holding.
7:57 of 2nd period - Tim Stutzle wins face-off versus Adam Henrique in San Jose Sharks zone.
8:23 of 2nd period - Adam Henrique is hit by Jesper Bratt and loses puck.
9:56 of 2nd period - Penalty to Morgan Frost is over, Morgan Frost is back on ice.
10:08 of 2nd period - Peyton Krebs is hit by Philipp Kurashev and loses puck.
10:22 of 2nd period - Icing by Vince Dunn.
10:23 of 2nd period - Andrew Copp wins face-off versus Kevin Hayes in Colorado Rockies zone.
10:52 of 2nd period - Snap shot by Philipp Kurashev.
10:52 of 2nd period - Stopped by Adin Hill with a rebound.
11:14 of 2nd period - Snap shot by Elias Pettersson.
11:14 of 2nd period - Deflect By Nick Schmaltz.
11:14 of 2nd period - Stopped by Adin Hill with a rebound.
11:48 of 2nd period - Mattias Samuelsson is hit by Kevin Hayes and loses puck.
12:49 of 2nd period - Quinn Hughes is hit by Morgan Geekie and loses puck.
13:32 of 2nd period - Andre Burakovsky is hit by Kevin Hayes and loses puck.
13:54 of 2nd period - Mattias Samuelsson is hit by Elias Pettersson and loses puck.
14:52 of 2nd period - Martin Fehervary is hit by Mattias Samuelsson and loses puck.
15:13 of 2nd period - Backhand shot by Nick Schmaltz.
15:13 of 2nd period - Shot Misses the Net.
16:38 of 2nd period - Snap shot by Alexander Wennberg.
16:38 of 2nd period - Shot Misses the Net.
16:56 of 2nd period - Jesper Bratt is hit by Morgan Geekie and loses puck.
17:27 of 2nd period - Jake Middleton is hit by Danton Heinen and loses puck.
17:42 of 2nd period - Snap shot by Andrew Copp.
17:42 of 2nd period - Shot Misses the Net.
17:56 of 2nd period - Icing by Andre Burakovsky.
17:57 of 2nd period - Andrew Copp wins face-off versus Elias Pettersson in San Jose Sharks zone.
18:01 of 2nd period - Minor Penalty to Vince Dunn for Slashing.
18:02 of 2nd period - Alexander Wennberg wins face-off versus Nick Schmaltz in Colorado Rockies zone.
18:02 of 2nd period - Snap shot by Ilya Mikheyev.
18:02 of 2nd period - Stopped by Daniil Tarasov with a rebound.
18:18 of 2nd period - Snap shot by Nick Schmaltz.
18:18 of 2nd period - Stopped by Adin Hill with a rebound.
18:28 of 2nd period - Cam Fowler is hit by Adam Henrique and loses puck.
18:33 of 2nd period - Wrist shot by Morgan Geekie.
18:33 of 2nd period - Deflect By Owen Tippett.
18:33 of 2nd period - Stopped by Daniil Tarasov with a rebound.
18:35 of 2nd period - Slapshot by Joel Edmundson.
18:35 of 2nd period - Shot Blocked by Cam Fowler.
18:37 of 2nd period - Slapshot by Connor Murphy.
18:37 of 2nd period - Shot Blocked by Darren Raddysh.
18:39 of 2nd period - Wrist shot by Morgan Geekie.
18:39 of 2nd period - Goal by Morgan Geekie - San Jose Sharks : 5 - Colorado Rockies : 2.
18:40 of 2nd period - Adam Henrique wins face-off versus Elias Pettersson in neutral zone.
18:42 of 2nd period - Off-side.
18:43 of 2nd period - Adam Henrique wins face-off versus Elias Pettersson in neutral zone.
18:49 of 2nd period - Off-side.
18:50 of 2nd period - Adam Henrique wins face-off versus Elias Pettersson in neutral zone.
19:02 of 2nd period - Connor Murphy is hit by Elias Pettersson and loses puck.
Goals for this period are 2 for San Jose Sharks vs 0 for Colorado Rockies.
Shots for this period are 6 for San Jose Sharks vs 7 for Colorado Rockies.
3rd period
0:01 of 3rd period - Michael Bunting wins face-off versus Morgan Frost in neutral zone.
0:08 of 3rd period - Slapshot by Darren Raddysh.
0:08 of 3rd period - Stopped by Adin Hill without a rebound.
0:09 of 3rd period - Kevin Hayes wins face-off versus Morgan Frost in San Jose Sharks zone.
0:10 of 3rd period - Backhand shot by Kyle Connor.
0:10 of 3rd period - Shot Misses the Net.
0:12 of 3rd period - Wrist shot by Kevin Hayes.
0:12 of 3rd period - Stopped by Adin Hill with a rebound.
0:14 of 3rd period - Slapshot by Martin Fehervary.
0:14 of 3rd period - Deflect By Kyle Connor.
0:14 of 3rd period - Shot Misses the Net.
0:14 of 3rd period - Puck is out of play.
0:15 of 3rd period - Morgan Frost wins face-off versus Michael Bunting in San Jose Sharks zone.
0:24 of 3rd period - Kevin Hayes is hit by Mattias Janmark and loses puck.
0:37 of 3rd period - Minor Penalty to Martin Fehervary for Cross-checking.
0:38 of 3rd period - Alexander Wennberg wins face-off versus Nick Schmaltz in Colorado Rockies zone.
1:08 of 3rd period - Wrist shot by Owen Tippett.
1:08 of 3rd period - Stopped by Daniil Tarasov with a rebound.
2:37 of 3rd period - Penalty to Martin Fehervary is over, Martin Fehervary is back on ice.
2:46 of 3rd period - Wrist shot by Kyle Connor.
2:46 of 3rd period - Deflect By Kevin Hayes.
2:46 of 3rd period - Stopped by Adin Hill with a rebound.
2:48 of 3rd period - Slapshot by Martin Fehervary.
2:48 of 3rd period - Stopped by Adin Hill with a rebound.
2:50 of 3rd period - Wrist shot by Michael Bunting.
2:50 of 3rd period - Stopped by Adin Hill with a rebound.
2:52 of 3rd period - Snap shot by Kevin Hayes.
2:52 of 3rd period - Stopped by Adin Hill with a rebound.
2:54 of 3rd period - Wrist shot by Quinn Hughes.
2:54 of 3rd period - Shot Misses the Net.
2:56 of 3rd period - Snap shot by Kyle Connor.
2:56 of 3rd period - Stopped by Adin Hill without a rebound.
2:57 of 3rd period - Kevin Hayes wins face-off versus Andrew Copp in San Jose Sharks zone.
3:10 of 3rd period - Wrist shot by Max Domi.
3:10 of 3rd period - Shot Misses the Net.
3:33 of 3rd period - Mattias Samuelsson is hit by Tim Stutzle.
3:34 of 3rd period - Icing by Mattias Samuelsson.
3:35 of 3rd period - Adam Henrique wins face-off versus Tim Stutzle in San Jose Sharks zone.
4:00 of 3rd period - Morgan Frost is hit by Philipp Kurashev and loses puck.
4:05 of 3rd period - Slapshot by Casey Cizikas.
4:05 of 3rd period - Shot Misses the Net.
4:07 of 3rd period - Snap shot by Casey Cizikas.
4:07 of 3rd period - Stopped by Adin Hill with a rebound.
4:21 of 3rd period - Snap shot by Elias Pettersson.
4:21 of 3rd period - Stopped by Adin Hill with a rebound.
4:23 of 3rd period - Wrist shot by Elias Pettersson.
4:23 of 3rd period - Shot Misses the Net.
4:25 of 3rd period - Snap shot by Quinn Hughes.
4:25 of 3rd period - Deflect By Andre Burakovsky.
4:25 of 3rd period - Stopped by Adin Hill without a rebound.
4:26 of 3rd period - Andrew Copp wins face-off versus Kevin Hayes in San Jose Sharks zone.
4:33 of 3rd period - Snap shot by Andre Burakovsky.
4:33 of 3rd period - Shot Misses the Net.
5:04 of 3rd period - Slapshot by Andre Burakovsky.
5:04 of 3rd period - Deflect By Max Domi.
5:04 of 3rd period - Shot Blocked by Martin Fehervary.
5:04 of 3rd period - Puck is out of play.
5:05 of 3rd period - Morgan Frost wins face-off versus Casey Cizikas in Colorado Rockies zone.
5:30 of 3rd period - Marcus Pettersson is hit by Tim Stutzle and loses puck.
6:21 of 3rd period - Connor Murphy is hit by Martin Fehervary.
6:27 of 3rd period - Slapshot by Elias Pettersson.
6:27 of 3rd period - Deflect By Pavel Dorofeyev.
6:27 of 3rd period - Shot Misses the Net.
6:27 of 3rd period - Puck is out of play.
6:28 of 3rd period - Adam Henrique wins face-off versus Casey Cizikas in San Jose Sharks zone.
6:33 of 3rd period - Snap shot by Morgan Geekie.
6:33 of 3rd period - Shot Blocked by Danton Heinen.
6:37 of 3rd period - Wrist shot by Morgan Geekie.
6:37 of 3rd period - Stopped by Daniil Tarasov without a rebound.
6:38 of 3rd period - Philipp Kurashev wins face-off versus Adam Henrique in Colorado Rockies zone.
6:38 of 3rd period - Minor Penalty to Casey Cizikas for Tripping.
6:39 of 3rd period - Kevin Hayes wins face-off versus Alexander Wennberg in Colorado Rockies zone.
7:06 of 3rd period - Elias Pettersson is hit by Jake Middleton.
7:14 of 3rd period - Slapshot by Kevin Hayes.
7:14 of 3rd period - Shot Misses the Net.
7:16 of 3rd period - Slapshot by Andrew Peeke.
7:16 of 3rd period - Stopped by Adin Hill with a rebound.
7:18 of 3rd period - Slapshot by Andrew Peeke.
7:18 of 3rd period - Deflect By Elias Pettersson.
7:18 of 3rd period - Stopped by Adin Hill with a rebound.
7:32 of 3rd period - Darren Raddysh is hit by Connor Murphy and loses puck.
7:47 of 3rd period - Marcus Pettersson is hit by Vince Dunn and loses puck.
8:08 of 3rd period - Ilya Mikheyev is hit by Jesper Bratt and loses puck.
8:38 of 3rd period - Penalty to Casey Cizikas is over, Casey Cizikas is back on ice.
8:51 of 3rd period - Snap shot by Philipp Kurashev.
8:51 of 3rd period - Shot Blocked by Max Domi.
8:53 of 3rd period - Wrist shot by Casey Cizikas.
8:53 of 3rd period - Shot Blocked by Andre Burakovsky.
8:55 of 3rd period - Snap shot by Philipp Kurashev.
8:55 of 3rd period - Shot Misses the Net.
8:57 of 3rd period - Wrist shot by Philipp Kurashev.
8:57 of 3rd period - Stopped by Adin Hill without a rebound.
8:58 of 3rd period - Kevin Hayes wins face-off versus Andrew Copp in San Jose Sharks zone.
9:23 of 3rd period - Quinn Hughes is hit by Peyton Krebs and loses puck.
9:28 of 3rd period - Wrist shot by Ilya Mikheyev.
9:28 of 3rd period - Shot Blocked by Quinn Hughes.
9:30 of 3rd period - Snap shot by Ilya Mikheyev.
9:30 of 3rd period - Shot Blocked by Philipp Kurashev.
9:48 of 3rd period - Snap shot by Morgan Geekie.
9:48 of 3rd period - Shot Misses the Net.
9:50 of 3rd period - Backhand shot by Owen Tippett.
9:50 of 3rd period - Shot Blocked by Elias Pettersson.
10:04 of 3rd period - Snap shot by David Pastrnak.
10:04 of 3rd period - Shot Blocked by Connor Murphy.
10:06 of 3rd period - Snap shot by Jesper Bratt.
10:06 of 3rd period - Shot Misses the Net.
10:08 of 3rd period - Slapshot by Quinn Hughes.
10:08 of 3rd period - Shot Misses the Net.
10:10 of 3rd period - Slapshot by Martin Fehervary.
10:10 of 3rd period - Deflect By Mattias Janmark.
10:10 of 3rd period - Stopped by Adin Hill with a rebound.
10:12 of 3rd period - Wrist shot by Jesper Bratt.
10:12 of 3rd period - Stopped by Adin Hill with a rebound.
10:14 of 3rd period - Snap shot by Tim Stutzle.
10:14 of 3rd period - Stopped by Adin Hill with a rebound.
10:51 of 3rd period - Off-side.
10:52 of 3rd period - Adam Henrique wins face-off versus Elias Pettersson in neutral zone.
11:07 of 3rd period - Vince Dunn is hit by Marcus Pettersson and loses puck.
11:14 of 3rd period - Adam Henrique is hit by Elias Pettersson and loses puck.
11:58 of 3rd period - Wrist shot by Morgan Frost.
11:58 of 3rd period - Shot Blocked by Cam Fowler.
12:00 of 3rd period - Wrist shot by Mattias Janmark.
12:00 of 3rd period - Deflect By Morgan Frost.
12:00 of 3rd period - Stopped by Daniil Tarasov without a rebound.
12:01 of 3rd period - Kevin Hayes wins face-off versus Morgan Frost in Colorado Rockies zone.
12:49 of 3rd period - Backhand shot by Peyton Krebs.
12:49 of 3rd period - Stopped by Daniil Tarasov with a rebound.
12:51 of 3rd period - Backhand shot by Mattias Samuelsson.
12:51 of 3rd period - Shot Misses the Net.
12:53 of 3rd period - Slapshot by Joel Edmundson.
12:53 of 3rd period - Shot Misses the Net.
12:55 of 3rd period - Snap shot by Peyton Krebs.
12:55 of 3rd period - Shot Misses the Net.
12:57 of 3rd period - Snap shot by Luke Glendening.
12:57 of 3rd period - Stopped by Daniil Tarasov with a rebound.
12:59 of 3rd period - Slapshot by Joel Edmundson.
12:59 of 3rd period - Stopped by Daniil Tarasov with a rebound.
13:17 of 3rd period - Snap shot by Danton Heinen.
13:17 of 3rd period - Shot Misses the Net.
13:51 of 3rd period - Wrist shot by Andre Burakovsky.
13:51 of 3rd period - Shot Misses the Net.
14:03 of 3rd period - Wrist shot by Quinn Hughes.
14:03 of 3rd period - Deflect By Kyle Connor.
14:03 of 3rd period - Stopped by Adin Hill with a rebound.
14:05 of 3rd period - Slapshot by Cam Fowler.
14:05 of 3rd period - Deflect By Kyle Connor.
14:05 of 3rd period - Stopped by Adin Hill with a rebound.
14:23 of 3rd period - Wrist shot by Kyle Connor.
14:23 of 3rd period - Shot Blocked by Joel Edmundson.
14:25 of 3rd period - Wrist shot by Kyle Connor.
14:25 of 3rd period - Shot Misses the Net.
14:27 of 3rd period - Slapshot by Quinn Hughes.
14:27 of 3rd period - Shot Blocked by Connor Murphy.
14:29 of 3rd period - Snap shot by Quinn Hughes.
14:29 of 3rd period - Stopped by Adin Hill without a rebound.
14:30 of 3rd period - Morgan Frost wins face-off versus Elias Pettersson in San Jose Sharks zone.
14:51 of 3rd period - Minor Penalty to Nick Schmaltz for Hooking.
14:52 of 3rd period - Alexander Wennberg wins face-off versus Elias Pettersson in Colorado Rockies zone.
14:55 of 3rd period - Slapshot by Mattias Janmark.
14:55 of 3rd period - Shot Misses the Net.
14:57 of 3rd period - Slapshot by Jake Middleton.
14:57 of 3rd period - Shot Blocked by Vince Dunn.
15:01 of 3rd period - Backhand shot by Mattias Janmark.
15:01 of 3rd period - Shot Blocked by Darren Raddysh.
15:03 of 3rd period - Slapshot by Ilya Mikheyev.
15:03 of 3rd period - Stopped by Daniil Tarasov with a rebound.
15:05 of 3rd period - Slapshot by Jake Middleton.
15:05 of 3rd period - Stopped by Daniil Tarasov without a rebound.
15:06 of 3rd period - Adam Henrique wins face-off versus Kevin Hayes in Colorado Rockies zone.
15:19 of 3rd period - Slapshot by Owen Tippett.
15:19 of 3rd period - Stopped by Daniil Tarasov with a rebound.
15:21 of 3rd period - Slapshot by Adam Henrique.
15:21 of 3rd period - Shot Misses the Net.
15:31 of 3rd period - Elias Pettersson is hit by Ilya Mikheyev and loses puck.
16:51 of 3rd period - Penalty to Nick Schmaltz is over, Nick Schmaltz is back on ice.
17:04 of 3rd period - Icing by Jesper Bratt.
17:05 of 3rd period - Andrew Copp wins face-off versus Tim Stutzle in Colorado Rockies zone.
17:08 of 3rd period - Snap shot by Andrew Copp.
17:08 of 3rd period - Shot Blocked by Vince Dunn.
17:08 of 3rd period - Vince Dunn from Colorado Rockies is injured at 17:08 of 3rd period (Right Hand).
17:09 of 3rd period - Tim Stutzle wins face-off versus Morgan Frost in Colorado Rockies zone.
17:16 of 3rd period - Slapshot by Jesper Bratt.
17:16 of 3rd period - Stopped by Adin Hill with a rebound.
17:22 of 3rd period - Darren Raddysh is hit by Joel Edmundson.
17:34 of 3rd period - Joel Edmundson is hit by Danton Heinen and loses puck.
17:45 of 3rd period - Slapshot by Martin Fehervary.
17:45 of 3rd period - Shot Blocked by Jake Middleton.
18:01 of 3rd period - Marcus Pettersson is hit by Nick Schmaltz and loses puck.
19:10 of 3rd period - Snap shot by Casey Cizikas.
19:10 of 3rd period - Stopped by Adin Hill with a rebound.
19:42 of 3rd period - Wrist shot by Ilya Mikheyev.
19:42 of 3rd period - Stopped by Daniil Tarasov without a rebound.
19:43 of 3rd period - Luke Glendening wins face-off versus Kevin Hayes in Colorado Rockies zone.
Goals for this period are 0 for San Jose Sharks vs 0 for Colorado Rockies.
Shots for this period are 10 for San Jose Sharks vs 21 for Colorado Rockies.
Back to the Top